 Dungeon Crawl Stone Soup version 0.28-a0-664-gc179e30c89 (webtiles) character file.

Game seed: 4348512266819112421

272 Johnny the Slasher (level 6, -19/49 HPs)
             Began as a Human Berserker on Oct 16, 2021.
             Was a Believer of Trog.
             Killed from afar by Ijyb (41 damage)
             ... with a bolt of acid
             ... on level 4 of the Dungeon.
             The game lasted 00:02:16 (3595 turns).

Johnny the Slasher (Human Berserker)                Turns: 3595, Time: 00:02:17

Health: -19/49     AC:  6    Str: 19    XL:     6   Next: 48%
Magic:  6/6        EV: 11    Int:  8    God:    Trog [**....]
Gold:   118        SH:  0    Dex: 12    Spells: 5/5 levels left

rFire   . . .      SeeInvis .   a - +0 falchion
rCold   . . .      Faith    .   (no shield)
rNeg    . . .      Spirit   .   d - +0 ring mail
rPois   .          Reflect  .   (no helmet)
rElec   .          Harm     .   j - +0 cloak
rCorr   .          Rampage  .   (no gloves)
Will    ++...                   (no boots)
Stlth   +.........              (no amulet)
HPRegen 1.16/turn               (no ring)
MPRegen 0.10/turn               (no ring)

@: strong-willed, on berserk cooldown, regenerating, slowed, very slow
A: no striking features
a: Renounce Religion, Berserk, Trog's Hand


You were on level 4 of the Dungeon.
You worshipped Trog.
Trog was pleased with you.
You visited 1 branch of the dungeon, and saw 4 of its levels.

You collected 118 gold pieces.

Inventory:

Hand Weapons
 a - a +0 falchion (weapon)
Armour
 b - a +0 animal skin
 d - a +0 ring mail (worn)
 j - a +0 cloak (worn)
Scrolls
 e - 2 scrolls of identify
 f - 2 scrolls of torment
 i - a scroll of teleportation {unknown}
 k - a scroll of enchant armour {unknown}
 l - a scroll of enchant weapon {unknown}
Potions
 c - 2 potions of lignification {unknown}
 g - a potion of might {unknown}
 m - a potion of curing {unknown}


   Skills:
 + Level 4.5 Fighting
 * Level 5.8 Long Blades
 - Level 2.0 Armour
 - Level 2.0 Dodging


You had 5 spell levels left.
You didn't know any spells.
Your spell library was empty.

Dungeon Overview and Level Annotations

Branches:
Dungeon (4/15)
 Temple: D:4-7

Altars:
Gozag
Uskayaw

Shops:
D:2 =

Annotations:
D:4 Ijyb, Natasha


Message History

It is a scroll of identify.
f - 2 scrolls of torment You feel the effects of Trog's Hand fading.
The orc barely misses you.
As you read the scroll labelled RECABB XAODAF, it crumbles to dust.
You assume a fearsome visage.
The orc looks frightened!
The orc wizard looks frightened!
The orc looks frightened!
It was a scroll of fear.
The orc wizard mumbles some strange words.
The orc wizard flickers and vanishes!
Deactivating autopickup; reactivate with Ctrl-A.
Your skin stops crawling.
You feel less strong-willed.
A ball python comes into view.
The ball python hisses angrily.
Ijyb the Twisted Goblin comes into view.
She is wielding a +0 club and carrying a wand of acid (4).
Ijyb shouts!
The orc barely misses you. The ball python closely misses you. x2
A bullfrog comes into view.
Found a mace.
The ball python bites you but does no damage.
The ball python grabs you. The ball python constricts you.
The orc hits you but does no damage. The ball python bites you.
The ball python constricts you.
You escape the ball python's grasp.
Ijyb zaps a wand.
The bolt of acid misses you.
Your skin crawls.
You feel strong-willed. The orc barely misses you.
The endoplasm hits you but does no damage.
The orc hits you with a +0 flail. The endoplasm hits you.
The orc hits you with a +0 flail. The endoplasm hits you.
Ijyb zaps a wand.
The bolt of acid hits the ball python!!
The acid corrodes the ball python!
The ball python dies!
The bolt of acid hits the endoplasm.
The endoplasm completely resists.
The bolt of acid hits you!!!
Ouch! That really hurt!
You die...

.. ##.....##.#
.#### #.....##
.. ##....# #.#
####.g..# ## ##
##..g....#
#..#....###..#
........####...)
......oJ.####...
.......@........
..##....#.......
. ##..####.....
##. ..... ..
.... ### ... ...


You could see Ijyb, an orc and an endoplasm.

Vanquished Creatures
  An ogre (D:3)
  Blork the orc (D:4)
  A bullfrog skeleton (D:4)
  Jessica (D:3)
  An adder (D:2)
  An adder skeleton (D:4)
  2 dart slugs
  An orc (D:3)
  7 ball pythons
  4 endoplasms
  3 giant cockroaches
  3 goblins (D:2)
  5 hobgoblins
  2 jackals (D:2)
  4 quokkas
  5 bats
  6 frilled lizards
  4 kobolds
  5 rats
57 creatures vanquished.

Vanquished Creatures (others)
  A ball python (D:4)
1 creature vanquished.

Grand Total: 58 creatures vanquished

Notes
Turn   | Place    | Note
-------+----------+-------------------------------------------
     0 | D:1      | Johnny the Human Berserker began the quest for the Orb.
     0 | D:1      | Reached XP level 1. HP: 18/18 MP: 1/1
   346 | D:1      | Reached XP level 2. HP: 18/24 MP: 2/2
   782 | D:1      | Reached XP level 3. HP: 22/29 MP: 3/3
  1003 | D:1      | Reached ** piety under Trog
  1238 | D:2      | Found Suelohai's Jewellery Boutique.
  1449 | D:2      | Reached skill level 4 in Long Blades
  1575 | D:2      | Found an opulent altar of Gozag.
  1846 | D:2      | Reached XP level 4. HP: 34/35 MP: 4/4
  2765 | D:3      | Found a hide-covered altar of Uskayaw.
  2839 | D:3      | Found a faded altar of an unknown god.
  2853 | D:3      | Noticed an ogre
  2853 | D:3      | Noticed Jessica
  2857 | D:3      | Killed an ogre
  2858 | D:3      | Reached skill level 5 in Long Blades
  2858 | D:3      | Reached XP level 5. HP: 42/42 MP: 5/5
  2859 | D:3      | Killed Jessica
  3503 | D:4      | Noticed Natasha
  3546 | D:4      | Reached XP level 6. HP: 30/49 MP: 6/6
  3564 | D:4      | Noticed Blork the orc
  3573 | D:4      | Killed Blork the orc
  3586 | D:4      | Noticed Ijyb
  3595 | D:4      | Killed from afar by Ijyb

Illustrated notes

Levels and vault maps discovered:
D:1:      lightli_arrival_statue_moat, layout_loops_ring, minmay_tetromino_i4
D:2:      layout_loops_corners, basic_altar, serial_shops,
          nicolae_shop_waterfront
D:3:      layout_loops_corners, old_standard_altar,
          dreamdust_ecumenical_altar_statues, uniq_jessica
D:4:      layout_cave_pools, uniq_blork_the_orc, uniq_natasha, uniq_eustachio,
          uniq_ijyb

Skill      XL: |  1  2  3  4 |
---------------+-------------+-----
Long Blades    | 4 5 |  5.8
Fighting       | 4 |  4.5
Armour         | |  2.0
Dodging        | |  2.0

Action                   |  1- 3 |  4- 6 || total
-------------------------+-------+-------++-------
Melee: Falchion          |   123 |    66 ||   189
Invok: Berserk           |     2 |     2 ||     4
       Trog's Hand       |       |     2 ||     2
  Use: Scroll            |       |     2 ||     2
Armor: Animal skin       |    11 |       ||    11
       Ring mail         |    32 |    35 ||    67
Dodge: Dodged            |    77 |    45 ||   122

Table legend: (Time is in decaauts)
 A = Elapsed time spent in this place.
 B = Non-inter-level travel time spent in this place.
 C = Inter-level travel time spent in this place.
 D = Time resting spent in this place.
 E = Time spent auto-exploring this place.
 F = Levels seen in this place.
 G = Mean time per level.
                   A        B        C        D        E       F      G
               +--------+--------+--------+--------+--------+-----+--------+
         Total |   3651 |   3534 |    117 |    630 |   2442 |   4 |  912.8 |
       Dungeon |   3651 |   3534 |    117 |    630 |   2442 |   4 |  912.8 |
               +--------+--------+--------+--------+--------+-----+--------+

Top non-repeatable levels by time:
     D:2: 1354 daAuts
     D:1: 1249 daAuts
     D:3: 973 daAuts
     D:4: 73 daAuts
